ITL
OTSEGO BULLDOGS @ CAPE COD CLAMS
09/22/2027
 
TOP OF THE 1ST
Otsego Bulldogs batting - Pitching for Cape Cod Clams : RHP Patrick Doyle
Pitching: RHP Patrick Doyle
Batting: RHB Luis Antonio Velásquez 0-0: Called Strike
0-1: Swinging Strike
0-2: Strikes out swinging
Batting: RHB Irving Galloway 0-0: Ball
1-0: Called Strike
1-1: Foul Ball, location: 2F
1-2: Foul Ball, location: 2F
1-2: Strikes out looking
Batting: RHB Jorge Cisneros 0-0: Ball
1-0: Ball
2-0: Ball
3-0: Base on Balls
Batting: RHB Jesús Tisnado 0-0: Called Strike
0-1: Ball
1-1: Called Strike
1-2: DOUBLE (Line Drive, 8LXD)
Jorge Cisneros to third
Runner from 3rd tries for Home, throw and OUT!
Top of the 1st over - 0 run(s), 1 hit(s), 0 error(s), 1 left on base; Otsego 0 - Cape Cod 0
BOTTOM OF THE 1ST
Cape Cod Clams batting - Pitching for Otsego Bulldogs : LHP Dwight Livingston
Pitching: LHP Dwight Livingston
Batting: RHB Max Jones 0-0: Ball
1-0: Ball
2-0: Foul Ball, location: 2F
2-1: Ball
3-1: Foul Ball, location: 2F
3-2: Base on Balls
Batting: RHB Yasuhiro Kobayashi 0-0: Foul Ball, location: 2F
0-1: Ball
1-1: Ball
2-1: Ball
3-1: Base on Balls
Max Jones to second
Batting: RHB Carlos García 0-0: Ball
1-0: Swinging Strike
1-1: Ball
2-1: Called Strike
2-2: Grounds into double play, 4-6-3 (Groundball, 4)
Max Jones to third
Batting: LHB Sixto Cantú 0-0: Foul Ball, location: 2F
0-1: Ball
1-1: Ball
2-1: Called Strike
2-2: Ball
3-2: Fly out, F8 (Line Drive, 8RXD)
Bottom of the 1st over - 0 run(s), 0 hit(s), 0 error(s), 1 left on base; Otsego 0 - Cape Cod 0
TOP OF THE 2ND
Otsego Bulldogs batting - Pitching for Cape Cod Clams : RHP Patrick Doyle
Batting: RHB Ryosei Yamamoto 0-0: Foul Ball, location: 2F
0-1: Ball
1-1: Fly out, F8 (Flyball, 8LM)
Batting: RHB Kyung-bok Cho 0-0: Foul Ball, location: 2F
0-1: Fly out, F6 (Line Drive, 6M)
Batting: LHB Martin Davis 0-0: Ball
1-0: Ball
2-0: Called Strike
2-1: Fly out, F4 (Popup, 4M)
Top of the 2nd over - 0 run(s), 0 hit(s), 0 error(s), 0 left on base; Otsego 0 - Cape Cod 0
BOTTOM OF THE 2ND
Cape Cod Clams batting - Pitching for Otsego Bulldogs : LHP Dwight Livingston
Batting: RHB Gerald Burnett 0-0: Called Strike
0-1: Foul Ball, location: 2F
0-2: Strikes out swinging
Batting: RHB Kenny Cole 0-0: SOLO HOME RUN (Flyball, 8RXD), Distance : 422 ft
Batting: RHB Guo-xiu Choi 0-0: Called Strike
0-1: Swinging Strike
0-2: Ball
1-2: Strikes out swinging
Batting: RHB Stephen Wilson 0-0: Called Strike
0-1: Foul Ball, location: 2F
0-2: Foul Ball, location: 2F
0-2: Foul Ball, location: 2F
0-2: Foul Ball, location: 2F
0-2: Ball
1-2: Ball
2-2: Strikes out swinging
Bottom of the 2nd over - 1 run(s), 1 hit(s), 0 error(s), 0 left on base; Otsego 0 - Cape Cod 1
TOP OF THE 3RD
Otsego Bulldogs batting - Pitching for Cape Cod Clams : RHP Patrick Doyle
Batting: RHB José Martínez 0-0: SINGLE (Line Drive, 56)
Pitching: RHP Raúl Flores
Batting: RHB Donald White 0-0: Foul Ball, location: 2F
0-1: Ball
1-1: Ball
2-1: Foul Ball, location: 2F
2-2: SINGLE (Line Drive, 4)
José Martínez to second
Batting: RHB Luis Antonio Velásquez 0-0: Fly out, F4 (Line Drive, 4M)
Batting: RHB Irving Galloway 0-0: Ball
1-0: Foul Ball, location: 2F
1-1: Ball
2-1: Foul Ball, location: 2F
2-2: SINGLE (Groundball, 56D)
José Martínez to third
Donald White to second
Runner from 3rd tries for Home, SAFE, throw made home
Batting: RHB Jorge Cisneros 0-0: Ball
1-0: Ball
2-0: Ball
3-0: Base on Balls
Donald White to third
Irving Galloway to second
Batting: RHB Jesús Tisnado 0-0: Foul Ball, location: 2F
0-1: Called Strike
0-2: Ball
1-2: Ball
2-2: Fly out, F8 (Flyball, 8LM)
Runner from 3rd tags up, SCORES, no throw
Batting: RHB Ryosei Yamamoto 0-0: Ball
1-0: Ball
2-0: Called Strike
2-1: Ball
3-1: Base on Balls
Irving Galloway to third
Jorge Cisneros to second
Batting: RHB Kyung-bok Cho 0-0: Ball
1-0: Ball
2-0: Swinging Strike
2-1: Called Strike
2-2: Ball
3-2: Foul Ball, location: 2F
3-2: Strikes out looking
Top of the 3rd over - 2 run(s), 3 hit(s), 0 error(s), 3 left on base; Otsego 2 - Cape Cod 1
BOTTOM OF THE 3RD
Cape Cod Clams batting - Pitching for Otsego Bulldogs : LHP Dwight Livingston
Batting: RHB Mitsuoki Taguchi 0-0: SINGLE (Line Drive, 34D)
Batting: RHB Max Jones 0-0: Ball
1-0: Called Strike
Mitsuoki Taguchi is caught stealing 2nd base
1-1: DOUBLE (Line Drive, 7LM)
Batting: RHB Yasuhiro Kobayashi 0-0: SINGLE (Groundball, 56D)
Max Jones to third
Runner from 3rd tries for Home, SAFE, no throw
Batting: RHB Carlos García 0-0: Ball
1-0: Called Strike
1-1: Ball
2-1: Called Strike
2-2: Ball
3-2: Base on Balls
Yasuhiro Kobayashi to second
Batting: LHB Sixto Cantú 0-0: Ball
1-0: Foul Ball, location: 2F
1-1: Ball
2-1: Called Strike
2-2: Fly out, F7 (Flyball, 7LS)
Batting: RHB Gerald Burnett 0-0: Called Strike
0-1: Fly out, F8 (Flyball, 8LS)
Bottom of the 3rd over - 1 run(s), 3 hit(s), 0 error(s), 2 left on base; Otsego 2 - Cape Cod 2
TOP OF THE 4TH
Otsego Bulldogs batting - Pitching for Cape Cod Clams : RHP Raúl Flores
Batting: LHB Martin Davis 0-0: Ball
1-0: Ball
2-0: Ball
3-0: Base on Balls
Batting: RHB José Martínez 0-0: Ball
1-0: Ball
2-0: Foul Ball, location: 2F
2-1: Grounds into double play, 6-4-3 (Groundball, 6)
Batting: RHB Donald White 0-0: Called Strike
0-1: Ball
1-1: Swinging Strike
1-2: Ball
2-2: Foul Ball, location: 2F
2-2: Foul Ball, location: 2F
2-2: Foul Ball, location: 2F
2-2: Strikes out looking
Top of the 4th over - 0 run(s), 0 hit(s), 0 error(s), 0 left on base; Otsego 2 - Cape Cod 2
BOTTOM OF THE 4TH
Cape Cod Clams batting - Pitching for Otsego Bulldogs : LHP Dwight Livingston
Batting: RHB Kenny Cole 0-0: Called Strike
0-1: Foul Ball, location: 2F
0-2: Foul Ball, location: 2F
0-2: Ball
1-2: Ball
2-2: Strikes out swinging
Batting: RHB Guo-xiu Choi 0-0: SINGLE (Flyball, 6MD)
Batting: RHB Stephen Wilson 0-0: Ball
1-0: Ball
2-0: Foul Ball, location: 2F
2-1: Ball
3-1: Called Strike
3-2: Fly out, F5 (Popup, 5L)
Batting: RHB Mitsuoki Taguchi 0-0: SINGLE (Groundball, 34D)
Guo-xiu Choi to second
Throwing error, E9
Guo-xiu Choi scores
Mitsuoki Taguchi to second
Batting: RHB Max Jones 0-0: Swinging Strike
0-1: Fly out, F6 (Popup, 5D)
Bottom of the 4th over - 1 run(s), 2 hit(s), 1 error(s), 1 left on base; Otsego 2 - Cape Cod 3
TOP OF THE 5TH
Otsego Bulldogs batting - Pitching for Cape Cod Clams : RHP Raúl Flores
Batting: RHB Luis Antonio Velásquez 0-0: Ball
1-0: Called Strike
1-1: Ball
2-1: Swinging Strike
2-2: Ball
3-2: Fly out, F9 (Flyball, 9)
Pitching: RHP Ryan Klein
Batting: RHB Irving Galloway 0-0: Called Strike
0-1: Called Strike
0-2: Strikes out looking
Batting: RHB Jorge Cisneros 0-0: Swinging Strike
0-1: Ground out 1-3 (Groundball, 13)
Top of the 5th over - 0 run(s), 0 hit(s), 0 error(s), 0 left on base; Otsego 2 - Cape Cod 3
BOTTOM OF THE 5TH
Cape Cod Clams batting - Pitching for Otsego Bulldogs : LHP Dwight Livingston
Batting: RHB Yasuhiro Kobayashi 0-0: Ball
1-0: Ball
2-0: Called Strike
2-1: Ball
3-1: Base on Balls
Batting: RHB Carlos García 0-0: Swinging Strike
0-1: Called Strike
0-2: Ball
1-2: Grounds into double play, 4-6-3 (Groundball, 4)
Batting: LHB Sixto Cantú 0-0: Ground out 3-1 (Groundball, 34)
Bottom of the 5th over - 0 run(s), 0 hit(s), 0 error(s), 0 left on base; Otsego 2 - Cape Cod 3
TOP OF THE 6TH
Otsego Bulldogs batting - Pitching for Cape Cod Clams : RHP Ryan Klein
Batting: RHB Jesús Tisnado 0-0: Foul Ball, location: 2F
0-1: Foul Ball, location: 2F
0-2: Foul Ball, location: 2F
0-2: Ball
1-2: Strikes out looking
Batting: RHB Ryosei Yamamoto 0-0: Swinging Strike
0-1: Ball
1-1: Ball
2-1: Called Strike
2-2: Strikes out swinging
Batting: RHB Kyung-bok Cho 0-0: Reached on error, E5 (Groundball, 56)
Batting: LHB Martin Davis 0-0: Called Strike
0-1: Called Strike
0-2: Foul Ball, location: 2F
0-2: Ball
Kyung-bok Cho steals 2nd base
1-2: Foul Ball, location: 2F
1-2: Foul Ball, location: 2F
1-2: Ball
2-2: Fly out, F9 (Flyball, 89M)
Top of the 6th over - 0 run(s), 0 hit(s), 1 error(s), 1 left on base; Otsego 2 - Cape Cod 3
BOTTOM OF THE 6TH
Cape Cod Clams batting - Pitching for Otsego Bulldogs : LHP Dwight Livingston
Batting: RHB Gerald Burnett 0-0: Swinging Strike
0-1: Ball
1-1: Called Strike
1-2: Strikes out swinging
Batting: RHB Kenny Cole 0-0: Called Strike
0-1: Ground out 5-3 (Groundball, 56)
Batting: RHB Guo-xiu Choi 0-0: Foul Ball, location: 2F
0-1: Fly out, F8 (Flyball, 8LM)
Bottom of the 6th over - 0 run(s), 0 hit(s), 0 error(s), 0 left on base; Otsego 2 - Cape Cod 3
TOP OF THE 7TH
Otsego Bulldogs batting - Pitching for Cape Cod Clams : RHP Ryan Klein
Batting: RHB José Martínez 0-0: Ball
1-0: Foul Ball, location: 2F
1-1: Foul Ball, location: 2F
1-2: SINGLE (Line Drive, 8RS)
Pinch Hitting: RHB Juan Pérez 0-0: Ball
1-0: Swinging Strike
1-1: Bunted foul
1-2: SINGLE (Line Drive, 89S)
José Martínez to second
Batting: RHB Luis Antonio Velásquez 0-0: SINGLE (Groundball, 6MD)
José Martínez to third
Juan Pérez to second
Runner from 3rd tries for Home, throw and OUT!
Juan Pérez to third
Luis Antonio Velásquez to second
Batting: RHB Irving Galloway 0-0: Foul Ball, location: 2F
0-1: Ball
1-1: SINGLE (Groundball, 6MD)
Juan Pérez scores
Luis Antonio Velásquez to third
Batting: RHB Jorge Cisneros 0-0: Ball
1-0: Called Strike
1-1: SINGLE (Groundball, 6MD)
Luis Antonio Velásquez scores
Irving Galloway to second
Batting: RHB Jesús Tisnado 0-0: Foul Ball, location: 2F
0-1: Swinging Strike
0-2: Ball
1-2: SINGLE (Line Drive, 56D)
Irving Galloway to third
Jorge Cisneros to second
Runner from 3rd tries for Home, SAFE, throw made home
Pitching: LHP Javier Luna
Batting: RHB Ryosei Yamamoto 0-0: Called Strike
0-1: SINGLE (Groundball, 56S) (infield hit)
Jorge Cisneros to third
Jesús Tisnado to second
Batting: RHB Kyung-bok Cho 0-0: Ball
1-0: Swinging Strike
1-1: Swinging Strike
1-2: Ball
2-2: Strikes out looking
Batting: LHB Martin Davis Error on foul ball, E2
0-1: Fielders Choice at 2nd, 5-4 (Groundball, 56)
Top of the 7th over - 3 run(s), 7 hit(s), 1 error(s), 2 left on base; Otsego 5 - Cape Cod 3
BOTTOM OF THE 7TH
Cape Cod Clams batting - Pitching for Otsego Bulldogs : LHP Dwight Livingston
Now at 3B: Juan Pérez
Batting: RHB Stephen Wilson 0-0: Ground out 6-3 (Groundball, 6)
Batting: RHB Mitsuoki Taguchi 0-0: Fly out, F4 (Line Drive, 4M)
Batting: RHB Max Jones 0-0: Ball
1-0: Swinging Strike
1-1: Ball
2-1: Fly out, F8 (Flyball, 8LS)
Bottom of the 7th over - 0 run(s), 0 hit(s), 0 error(s), 0 left on base; Otsego 5 - Cape Cod 3
TOP OF THE 8TH
Otsego Bulldogs batting - Pitching for Cape Cod Clams : LHP Javier Luna
Batting: RHB José Martínez 0-0: Ground out 4-3 (Groundball, 4)
Pitching: RHP Mario González
Batting: RHB Juan Pérez 0-0: Called Strike
0-1: SINGLE (Groundball, 6MD)
Batting: RHB Luis Antonio Velásquez 0-0: Called Strike
0-1: Ball
1-1: Ball
Wild Pitch!
Juan Pérez to second
2-1: Foul Ball, location: 2F
2-2: Fly out, F5 (Line Drive, 56)
Pitching: RHP Grant Jackson
Batting: RHB Irving Galloway 0-0: Ball
1-0: Called Strike
1-1: TRIPLE (Flyball, 78M)
Juan Pérez scores
Batting: RHB Jorge Cisneros 0-0: Ball
1-0: Foul Ball, location: 2F
1-1: Fly out, F7 (Flyball, 7S)
Top of the 8th over - 1 run(s), 2 hit(s), 0 error(s), 1 left on base; Otsego 6 - Cape Cod 3
BOTTOM OF THE 8TH
Cape Cod Clams batting - Pitching for Otsego Bulldogs : LHP Dwight Livingston
Batting: RHB Yasuhiro Kobayashi 0-0: Ball
1-0: Called Strike
1-1: Ball
2-1: Ball
3-1: Base on Balls
Pitching: RHP Ricardo Trujillo
Batting: RHB Carlos García 0-0: Grounds into double play, 6-4-3 (Groundball, 6)
Batting: LHB Sixto Cantú 0-0: Ball
1-0: Fly out, F8 (Flyball, 8RS)
Bottom of the 8th over - 0 run(s), 0 hit(s), 0 error(s), 0 left on base; Otsego 6 - Cape Cod 3
TOP OF THE 9TH
Otsego Bulldogs batting - Pitching for Cape Cod Clams : RHP Grant Jackson
Batting: RHB Jesús Tisnado 0-0: Ball
1-0: Fly out, F9 (Flyball, 9LM)
Batting: RHB Ryosei Yamamoto 0-0: Called Strike
0-1: DOUBLE (Line Drive, 8RXD)
Batting: RHB Kyung-bok Cho 0-0: Ball
1-0: Swinging Strike
1-1: Ball
2-1: Foul Ball, location: 2F
2-2: Ball
3-2: Strikes out swinging
Batting: LHB Martin Davis 0-0: Ground out 4-3 (Groundball, 4)
Top of the 9th over - 0 run(s), 1 hit(s), 0 error(s), 1 left on base; Otsego 6 - Cape Cod 3
BOTTOM OF THE 9TH
Cape Cod Clams batting - Pitching for Otsego Bulldogs : RHP Ricardo Trujillo
Pitching: RHP Artie Downing
Batting: RHB Gerald Burnett 0-0: Ball
1-0: Ball
2-0: SINGLE (Groundball, 6MD)
Batting: RHB Kenny Cole 0-0: Called Strike
0-1: Ball
1-1: Ball
2-1: SINGLE (Line Drive, 89M)
Gerald Burnett to second
Batting: RHB Guo-xiu Choi 0-0: Ball
1-0: Foul Ball, location: 2F
1-1: Swinging Strike
1-2: Ball
2-2: Fly out, F9 (Flyball, 9S)
Batting: RHB Stephen Wilson 0-0: Ball
1-0: Foul Ball, location: 2F
1-1: Swinging Strike
1-2: Ball
2-2: Fielders Choice at 2nd, 6-4 (Groundball, 6)
Gerald Burnett to third
Batting: RHB Mitsuoki Taguchi 0-0: Called Strike
0-1: Foul Ball, location: 2F
0-2: Ball
1-2: Ball
2-2: Ball
3-2: Fly out, F9 (Flyball, 9)
Bottom of the 9th over - 0 run(s), 2 hit(s), 0 error(s), 2 left on base; Otsego 6 - Cape Cod 3
Thursday, March 30th, 2017 - OOTP Baseball 17.12 Build 75